Capitals vs Flames

Created - April 22, 2018 at 21:54

Goals
1 2 3 T
Capitals 1 0 0 1
Flames 1 1 1 3
Shots
1 2 3 T
Capitals 13 13 15 41
Flames 14 11 10 35

1st period

1. Flames , Eric Staal 39 (Steve Eminger 15) at 12:33
2. Capitals , Paul Martin 11 (Blake Wheeler 27, Erik Karlsson 31) at 12:41

Penalties :
No Penalty

2nd period

3. Flames , Patrik Berglund 27 (Jordin Tootoo 27) at 12:09

Penalties :
Alexander Semin (Cal) for Hooking (Minor) at 0:19, Roberto Luongo (Was) for Slashing (Minor) at 18:05 - Paul Martin served the penalty

3rd period

4. Flames , David Backes 43 (Alexander Semin 62, Eric Staal 71) at 13:27 (PP)

Penalties :
Derek Meech (Cal) for Roughing (Minor) at 0:33, Marcus Nilson (Cal) for Hooking (Minor) at 5:04, Ryan Getzlaf (Was) for Holding (Minor) at 11:47

Goalie Stats

Roberto Luongo (Was), 32 saves from 35 shots - (0.914), L, 16-23-1, 60:00 minutes
Pekka Rinne (Cal), 40 saves from 41 shots - (0.976), W, 35-19-6, 60:00 minutes

Players Stats for Capitals

Player Name              G  A  P  +/- PIM S  H  SB GA TA FO     MP     PP MP  PK MP  
------------------------------------------------------------------------------------
Alexei Morozov           0  0  0  -1  0   1  0  1  2  0  0/0    10:44   0:03   0:00 
Blake Wheeler            0  1  1   1  0   3  1  0  0  0  0/1    22:33   3:25   2:52 
Chris Kunitz             0  0  0   0  0   1  0  1  0  0  0/0    10:11   0:00   0:00 
Darroll Powe             0  0  0   0  0   3  0  0  0  0  5/8    10:33   0:00   0:22 
Eric Fehr                0  0  0   0  0   3  1  0  1  0  0/0    10:11   0:00   0:00 
Erik Karlsson            0  1  1   0  0   4  2  4  1  0  0/0    29:47   3:31   3:02 
Gabriel Landeskog        0  0  0  -1  0   1  0  1  1  0  0/2    16:38   2:32   0:47 
Jamie Benn               0  0  0   1  0   2  0  0  1  0  2/4    19:25   3:25   0:00 
Joe Thornton             0  0  0  -1  0   3  0  0  2  0  14/23  18:59   2:32   2:52 
Josef Vasicek            0  0  0  -1  0   0  1  0  0  0  4/6    10:38   0:00   0:00 
Keith Yandle             0  0  0  -1  0   2  0  0  0  0  0/0    11:21   0:00   0:00 
Lasse Kukkonen           0  0  0  -1  0   1  0  0  0  0  0/0    14:52   0:00   3:02 
Matt Carle               0  0  0   0  0   2  0  1  1  1  0/0    18:52   2:26   0:37 
Matt Irwin               0  0  0   0  0   2  0  1  0  1  0/0    18:52   2:26   0:37 
Paul Martin              1  0  1   0  0   5  2  1  1  0  0/0    26:32   3:31   0:00 
Ryan Getzlaf             0  0  0   1  2   5  2  0  0  0  16/29  19:49   3:25   0:25 
T.J. Oshie               0  0  0  -1  0   1  1  0  1  1  1/1    15:45   2:29   0:00 
Tuomo Ruutu              0  0  0  -1  0   2  1  1  0  0  0/1    10:38   0:00   0:00 

Players Stats for Flames

Player Name              G  A  P  +/- PIM S  H  SB GA TA FO     MP     PP MP  PK MP  
------------------------------------------------------------------------------------
Alexander Semin          0  1  1   0  2   4  2  3  0  0  0/1    23:24   2:46   2:00 
Brad Marchand            0  0  0   1  0   0  0  1  1  0  1/4    15:47   0:01   1:09 
Brendan Mikkelson        0  0  0   0  0   1  2  2  0  0  0/0    20:34   0:50   0:53 
Colin Wilson             0  0  0   0  0   2  1  1  0  0  1/8    11:45   0:00   0:00 
David Backes             1  0  1   0  0   4  1  1  1  2  1/2    21:11   2:46   0:00 
Derek Meech              0  0  0   0  2   0  0  1  0  1  0/0    16:36   2:49   1:43 
Eric Staal               1  1  2   0  0   2  1  0  0  0  18/30  24:11   2:46   2:57 
Erik Johnson             0  0  0   0  0   1  1  4  0  2  0/0    22:09   2:49   0:00 
Jonathan Ferland         0  0  0   0  0   2  0  0  0  0  0/0     5:24   0:01   0:00 
Jordin Tootoo            0  1  1   1  0   6  0  3  1  1  0/2    18:29   0:52   2:57 
Lubomir Visnovsky        0  0  0   1  0   2  3  4  0  1  0/0    22:49   0:00   3:21 
Marcus Nilson            0  0  0   0  2   2  0  0  0  0  0/0     5:37   0:01   0:03 
Michel Ouellet           0  0  0   0  0   0  1  0  0  1  0/0    11:45   0:00   0:00 
Mikhail Grabovski        0  0  0   0  0   1  1  0  0  1  4/7     8:22   0:00   2:48 
Patrik Berglund          1  0  1   1  0   4  1  0  0  0  8/20   15:29   0:52   0:00 
Ron Hainsey              0  0  0   0  0   3  0  3  0  1  0/0    15:02   0:50   2:36 
Steve Eminger            0  1  1   1  0   0  1  0  0  1  0/0    22:49   0:00   3:21 
Steve Regier             0  0  0   0  0   1  0  0  0  0  0/1    12:37   0:52   0:00 

3 Stars

1 - Pekka Rinne (Cal)
2 - Eric Staal (Cal)
3 - Patrik Berglund (Cal)

Power Play

Capitals - 0 on 3 Attempt(s) - 0.00%
Flames - 1 on 2 Attempt(s) - 50.00%

Penalty Kill

Capitals - 1 on 2 Attempt(s) - 50.00% - Score 0 goal in Penalty Kill
Flames - 3 on 3 Attempt(s) - 100.00% - Score 0 goal in Penalty Kill

Team Stat

Capitals - Hits : 11 - Faceoff Wins : 42 - Blocked Shots : 11 - Penalty Minutes : 4
Flames - Hits : 15 - Faceoff Wins : 33 - Blocked Shots : 23 - Penalty Minutes : 6

Official

Referees : Lee Chris and Hasenfratz Mike
Linesman : Brad Lazarowich and Andy McElman

Game Notes

No Game Note

Finance

Level 1 -- Attendance: 4836 (80.60%) -- Ticket Income $440,076
Level 2 -- Attendance: 4100 (82.00%) -- Ticket Income $233,700
Level 3 -- Attendance: 1579 (78.95%) -- Ticket Income $60,002
Level 4 -- Attendance: 3507 (87.68%) -- Ticket Income $98,196
Luxury Box -- Attendance: 915 (91.50%) -- Ticket Income $150,060
Game was played at the Metal Center.
Total Attendance: 14937 (82.98%)
Total Ticket Income: $982,034
Other Income: $147,305
Total Income: $1,129,339

Capitals

5 vs 5 Forward 
   Center                   Left Wing                Right Wing               Time % Phy DF OF 
 1 Ryan Getzlaf             Jamie Benn               Blake Wheeler            40     1   2  2  
 2 Joe Thornton             Gabriel Landeskog        T.J. Oshie               30     1   2  2  
 3 Josef Vasicek            Tuomo Ruutu              Alexei Morozov           20     1   2  2  
 4 Darroll Powe             Chris Kunitz             Eric Fehr                10     1   2  2  

5 vs 5 Defense 
   Defense                  Defense                                           Time % Phy DF OF 
 1 Erik Karlsson            Paul Martin                                       40     1   2  2  
 2 Matt Carle               Matt Irwin                                        30     1   2  2  
 3 Lasse Kukkonen           Keith Yandle                                      20     1   2  2  
 4 Erik Karlsson            Paul Martin                                       10     1   2  2  

PowerPlay Forward 
   Center                   Left Wing                Right Wing               Time % Phy DF OF 
 1 Ryan Getzlaf             Jamie Benn               Blake Wheeler            60     1   2  2  
 2 Joe Thornton             Gabriel Landeskog        T.J. Oshie               40     1   2  2  

PowerPlay Defense
   Defense                  Defense                                           Time % Phy DF OF 
 1 Erik Karlsson            Paul Martin                                       60     1   2  2  
 2 Matt Carle               Matt Irwin                                        40     1   2  2  

Penalty Kill 4 Players Forward 
   Center                   Wing                     Time % Phy DF OF 
 1 Joe Thornton             Blake Wheeler            60     1   2  2  
 2 Ryan Getzlaf             Gabriel Landeskog        40     1   2  2  

Penalty Kill 4 Players Defense
   Defense                  Defense                  Time % Phy DF OF 
 1 Lasse Kukkonen           Erik Karlsson            60     1   2  2  
 2 Paul Martin              Matt Irwin               40     1   2  2  

Penalty Kill - 3 Players Forward 
   Forward                                           Time % Phy DF OF 
 1 Joe Thornton                                      60     1   2  2  
 2 Ryan Getzlaf                                      40     1   2  2  

Penalty Kill - 3 Players Defense
   Defense                  Defense                  Time % Phy DF OF 
 1 Lasse Kukkonen           Paul Martin              60     1   2  2  
 2 Erik Karlsson            Matt Irwin               40     1   2  2  

4 vs 4 Forward 
   Center                   Wing                     Time % Phy DF OF 
 1 Joe Thornton             Jamie Benn               60     1   2  2  
 2 Ryan Getzlaf             Blake Wheeler            40     1   2  2  

4 vs 4 Defense
   Defense                  Defense                  Time % Phy DF OF 
 1 Erik Karlsson            Paul Martin              60     1   2  2  
 2 Matt Carle               Matt Irwin               40     1   2  2  

Last Minutes Offensive
   Center                   Left Wing                Right Wing               Defense                  Defense                  
   Joe Thornton             Jamie Benn               Blake Wheeler            Erik Karlsson            Paul Martin              

Last Minutes Defensive
   Center                   Left Wing                Right Wing               Defense                  Defense                  
   Joe Thornton             Jamie Benn               Blake Wheeler            Lasse Kukkonen           Erik Karlsson            

Goaltenders
Starting : Roberto Luongo           
Backup : Miika Kiprusoff          

Extra Forwards
Normal : Joe Thornton, Ryan Getzlaf, Blake Wheeler - PP : Joe Thornton, Gabriel Landeskog - PK : Blake Wheeler
Extra Defensemen
Normal : Erik Karlsson, Matt Carle, Keith Yandle - PP : Erik Karlsson - PK : Matt Carle, Keith Yandle
Penalty Shots
Joe Thornton, Ryan Getzlaf, Jamie Benn, Blake Wheeler, Gabriel Landeskog

Scratches
Brian Boyle (Healthy), Wayne Simmonds (Sprained Left Finger Injury), Shane Doan (Healthy), Stephane Robidas (Healthy)

Flames

5 vs 5 Forward 
   Center                   Left Wing                Right Wing               Time % Phy DF OF 
 1 Eric Staal               Alexander Semin          David Backes             40     0   2  3  
 2 Patrik Berglund          Brad Marchand            Jordin Tootoo            33     0   2  3  
 3 Colin Wilson             Steve Regier             Michel Ouellet           19     0   2  3  
 4 Mikhail Grabovski        Marcus Nilson            Jonathan Ferland         8      0   3  2  

5 vs 5 Defense 
   Defense                  Defense                                           Time % Phy DF OF 
 1 Brendan Mikkelson        Erik Johnson                                      38     1   2  2  
 2 Lubomir Visnovsky        Steve Eminger                                     29     1   2  2  
 3 Derek Meech              Ron Hainsey                                       23     1   2  2  
 4 Lubomir Visnovsky        Steve Eminger                                     10     1   2  2  

PowerPlay Forward 
   Center                   Left Wing                Right Wing               Time % Phy DF OF 
 1 Eric Staal               Alexander Semin          David Backes             60     1   1  3  
 2 Patrik Berglund          Steve Regier             Jordin Tootoo            40     1   1  3  

PowerPlay Defense
   Defense                  Defense                                           Time % Phy DF OF 
 1 Derek Meech              Erik Johnson                                      60     1   1  3  
 2 Brendan Mikkelson        Ron Hainsey                                       40     1   1  3  

Penalty Kill 4 Players Forward 
   Center                   Wing                     Time % Phy DF OF 
 1 Mikhail Grabovski        Alexander Semin          50     1   3  1  
 2 Eric Staal               Jordin Tootoo            50     1   3  1  

Penalty Kill 4 Players Defense
   Defense                  Defense                  Time % Phy DF OF 
 1 Lubomir Visnovsky        Steve Eminger            58     1   3  1  
 2 Derek Meech              Ron Hainsey              42     1   3  1  

Penalty Kill - 3 Players Forward 
   Forward                                           Time % Phy DF OF 
 1 Eric Staal                                        50     1   3  1  
 2 Alexander Semin                                   50     1   3  1  

Penalty Kill - 3 Players Defense
   Defense                  Defense                  Time % Phy DF OF 
 1 Lubomir Visnovsky        Steve Eminger            58     1   3  1  
 2 Derek Meech              Ron Hainsey              42     1   3  1  

4 vs 4 Forward 
   Center                   Wing                     Time % Phy DF OF 
 1 Eric Staal               Alexander Semin          60     1   2  2  
 2 Patrik Berglund          Jordin Tootoo            40     1   2  2  

4 vs 4 Defense
   Defense                  Defense                  Time % Phy DF OF 
 1 Derek Meech              Erik Johnson             60     1   2  2  
 2 Lubomir Visnovsky        Steve Eminger            40     1   2  2  

Last Minutes Offensive
   Center                   Left Wing                Right Wing               Defense                  Defense                  
   Eric Staal               Alexander Semin          David Backes             Derek Meech              Erik Johnson             

Last Minutes Defensive
   Center                   Left Wing                Right Wing               Defense                  Defense                  
   Eric Staal               Alexander Semin          David Backes             Lubomir Visnovsky        Steve Eminger            

Goaltenders
Starting : Pekka Rinne              
Backup : Josh Harding             

Extra Forwards
Normal : Brad Marchand, Jordin Tootoo, Patrik Berglund - PP : Brad Marchand, Jordin Tootoo - PK : Brad Marchand
Extra Defensemen
Normal : Derek Meech, Steve Eminger, Lubomir Visnovsky - PP : Derek Meech - PK : Derek Meech, Ron Hainsey
Penalty Shots
Eric Staal, Alexander Semin, David Backes, Patrik Berglund, Colin Wilson

Scratches
Sami Vatanen (Bruised Right Foot Injury)

% Time on Ice - Capitals

Lines # - Real PCT - Wanted PCT - Time Play
Normal Forward
1 - 32% - 40% - 16:16
2 - 26% - 30% - 13:19
3 - 21% - 20% - 10:38
4 - 20% - 10% - 10:11
Normal Defense
1 - 42% - 40% - 20:55
2 - 31% - 30% - 15:49
3 - 23% - 20% - 11:21
4 - 5% - 10% - 2:19
PP Forward
1 - 57% - 60% - 3:25
2 - 43% - 40% - 2:32
PP Defense
1 - 59% - 60% - 3:31
2 - 41% - 40% - 2:26
PK Forward
1 - 89% - 60% - 3:14
2 - 11% - 40% - 0:25
PK Defense
1 - 83% - 60% - 3:02
2 - 17% - 40% - 0:37
PK3 Forward
1 - 0% - 60%
2 - 0% - 40%
PK3 Defense
1 - 0% - 60%
2 - 0% - 40%
44 Forward
1 - 0% - 60%
2 - 0% - 40%
44 Defense
1 - 0% - 60%
2 - 0% - 40%
Last Minute Offensive  - 0:00
Last Minute Defensive  - 0:00
Total
Forward - 60:00
Defense - 60:00

% Time on Ice - Flames

Lines # - Real PCT - Wanted PCT - Time Play
Normal Forward
1 - 38% - 40% - 18:55
2 - 28% - 33% - 14:21
3 - 23% - 19% - 11:45
4 - 11% - 8% - 5:23
Normal Defense
1 - 40% - 38% - 19:59
2 - 30% - 29% - 15:09
3 - 23% - 23% - 11:21
4 - 8% - 10% - 3:55
PP Forward
1 - 76% - 60% - 2:47
2 - 24% - 40% - 0:52
PP Defense
1 - 77% - 60% - 2:49
2 - 23% - 40% - 0:50
PK Forward
1 - 50% - 50% - 3:00
2 - 50% - 50% - 2:57
PK Defense
1 - 56% - 58% - 3:21
2 - 44% - 42% - 2:36
PK3 Forward
1 - 0% - 50%
2 - 0% - 50%
PK3 Defense
1 - 0% - 58%
2 - 0% - 42%
44 Forward
1 - 0% - 60%
2 - 0% - 40%
44 Defense
1 - 0% - 60%
2 - 0% - 40%
Last Minute Offensive  - 0:00
Last Minute Defensive  - 0:00
Total
Forward - 60:00
Defense - 60:00

Play by Play

1st period


0:01 of 1st period - Eric Staal wins face-off versus Jamie Benn in neutral zone.
0:04 of 1st period - Wrist shot by Alexander Semin.
0:04 of 1st period - Shot Blocked by Erik Karlsson.
0:12 of 1st period - Snap shot by Blake Wheeler.
0:12 of 1st period - Stopped by Pekka Rinne without a rebound.
0:13 of 1st period - Joe Thornton wins face-off versus Patrik Berglund in Flames zone.
0:20 of 1st period - Slapshot by T.J. Oshie.
0:20 of 1st period - Stopped by Pekka Rinne without a rebound.
0:21 of 1st period - Patrik Berglund wins face-off versus Joe Thornton in Flames zone.
0:30 of 1st period - Snap shot by Jordin Tootoo.
0:30 of 1st period - Shot Misses the Net.
0:37 of 1st period - Off-side.
0:38 of 1st period - Josef Vasicek wins face-off versus Steve Regier in neutral zone.
0:51 of 1st period - Snap shot by Alexei Morozov.
0:51 of 1st period - Shot Misses the Net.
0:53 of 1st period - Slapshot by Lasse Kukkonen.
0:53 of 1st period - Shot Blocked by Colin Wilson.
1:11 of 1st period - Off-side.
1:12 of 1st period - Mikhail Grabovski wins face-off versus Darroll Powe in neutral zone.
1:15 of 1st period - Slapshot by Erik Johnson.
1:15 of 1st period - Shot Blocked by Chris Kunitz.
1:51 of 1st period - Brendan Mikkelson is hit by Ryan Getzlaf and loses puck.
2:09 of 1st period - Slapshot by Patrik Berglund.
2:09 of 1st period - Stopped by Roberto Luongo without a rebound.
2:10 of 1st period - Josef Vasicek wins face-off versus Patrik Berglund in Capitals zone.
2:32 of 1st period - Brad Marchand is hit by Tuomo Ruutu.
2:58 of 1st period - Slapshot by Jordin Tootoo.
2:58 of 1st period - Shot Misses the Net.
3:00 of 1st period - Snap shot by Jordin Tootoo.
3:00 of 1st period - Stopped by Roberto Luongo without a rebound.
3:01 of 1st period - Eric Staal wins face-off versus Ryan Getzlaf in Capitals zone.
3:47 of 1st period - Snap shot by Mikhail Grabovski.
3:47 of 1st period - Stopped by Roberto Luongo with a rebound.
4:09 of 1st period - Derek Meech is hit by Paul Martin and loses puck.
4:26 of 1st period - Slapshot by Steve Regier.
4:26 of 1st period - Deflect By Colin Wilson.
4:26 of 1st period - Stopped by Roberto Luongo with a rebound.
4:28 of 1st period - Slapshot by Steve Eminger.
4:28 of 1st period - Deflect By Steve Regier.
4:28 of 1st period - Shot Blocked by Gabriel Landeskog.
4:28 of 1st period - Puck is out of play.
4:29 of 1st period - Colin Wilson wins face-off versus Joe Thornton in Capitals zone.
4:30 of 1st period - Wrist shot by Steve Regier.
4:30 of 1st period - Shot Blocked by Matt Irwin.
4:32 of 1st period - Slapshot by Lubomir Visnovsky.
4:32 of 1st period - Shot Blocked by Matt Carle.
4:34 of 1st period - Slapshot by Lubomir Visnovsky.
4:34 of 1st period - Stopped by Roberto Luongo with a rebound.
4:36 of 1st period - Slapshot by Lubomir Visnovsky.
4:36 of 1st period - Stopped by Roberto Luongo without a rebound.
4:37 of 1st period - Eric Staal wins face-off versus Joe Thornton in Capitals zone.
5:32 of 1st period - Snap shot by Colin Wilson.
5:32 of 1st period - Deflect By Steve Regier.
5:32 of 1st period - Shot Misses the Net.
5:32 of 1st period - Puck is out of play.
5:33 of 1st period - Ryan Getzlaf wins face-off versus Colin Wilson in Capitals zone.
5:40 of 1st period - Snap shot by Colin Wilson.
5:40 of 1st period - Shot Misses the Net.
6:04 of 1st period - Snap shot by Steve Regier.
6:04 of 1st period - Shot Misses the Net.
6:06 of 1st period - Wrist shot by Steve Regier.
6:06 of 1st period - Shot Misses the Net.
6:08 of 1st period - Snap shot by Ron Hainsey.
6:08 of 1st period - Stopped by Roberto Luongo with a rebound.
6:10 of 1st period - Slapshot by Ron Hainsey.
6:10 of 1st period - Stopped by Roberto Luongo without a rebound.
6:11 of 1st period - Eric Staal wins face-off versus Ryan Getzlaf in Capitals zone.
6:18 of 1st period - Snap shot by Eric Staal.
6:18 of 1st period - Shot Misses the Net.
6:24 of 1st period - Snap shot by Jamie Benn.
6:24 of 1st period - Deflect By Ryan Getzlaf.
6:24 of 1st period - Stopped by Pekka Rinne with a rebound.
6:26 of 1st period - Snap shot by Blake Wheeler.
6:26 of 1st period - Shot Misses the Net.
7:03 of 1st period - Backhand shot by Joe Thornton.
7:03 of 1st period - Stopped by Pekka Rinne without a rebound.
7:04 of 1st period - Mikhail Grabovski wins face-off versus Ryan Getzlaf in Flames zone.
7:17 of 1st period - Snap shot by Jonathan Ferland.
7:17 of 1st period - Shot Blocked by Erik Karlsson.
7:19 of 1st period - Slapshot by Steve Eminger.
7:19 of 1st period - Deflect By Marcus Nilson.
7:19 of 1st period - Stopped by Roberto Luongo without a rebound.
7:20 of 1st period - Joe Thornton wins face-off versus Eric Staal in Capitals zone.
7:35 of 1st period - Paul Martin is hit by Lubomir Visnovsky and loses puck.
8:21 of 1st period - Slapshot by Alexei Morozov.
8:21 of 1st period - Shot Misses the Net.
8:59 of 1st period - Snap shot by Joe Thornton.
8:59 of 1st period - Stopped by Pekka Rinne without a rebound.
9:00 of 1st period - Joe Thornton wins face-off versus Eric Staal in Flames zone.
10:44 of 1st period - T.J. Oshie is hit by Alexander Semin and loses puck.
11:59 of 1st period - Michel Ouellet is hit by Ryan Getzlaf and loses puck.
12:21 of 1st period - Off-side.
12:22 of 1st period - Joe Thornton wins face-off versus Eric Staal in neutral zone.
12:33 of 1st period - Wrist shot by Eric Staal.
12:33 of 1st period - Goal by Eric Staal - Capitals : 0 - Flames : 1.
12:34 of 1st period - Ryan Getzlaf wins face-off versus Eric Staal in neutral zone.
12:37 of 1st period - Slapshot by Erik Karlsson.
12:37 of 1st period - Shot Blocked by Alexander Semin.
12:39 of 1st period - Snap shot by Blake Wheeler.
12:39 of 1st period - Shot Blocked by Lubomir Visnovsky.
12:41 of 1st period - Slapshot by Paul Martin.
12:41 of 1st period - Goal by Paul Martin - Capitals : 1 - Flames : 1.
12:42 of 1st period - Eric Staal wins face-off versus Ryan Getzlaf in neutral zone.
12:57 of 1st period - Snap shot by Eric Staal.
12:57 of 1st period - Shot Blocked by Paul Martin.
12:59 of 1st period - Snap shot by Alexander Semin.
12:59 of 1st period - Stopped by Roberto Luongo with a rebound.
13:18 of 1st period - Snap shot by Ryan Getzlaf.
13:18 of 1st period - Stopped by Pekka Rinne with a rebound.
13:20 of 1st period - Wrist shot by Blake Wheeler.
13:20 of 1st period - Shot Misses the Net.
13:22 of 1st period - Slapshot by Erik Karlsson.
13:22 of 1st period - Stopped by Pekka Rinne without a rebound.
13:23 of 1st period - T.J. Oshie wins face-off versus Jordin Tootoo in Flames zone.
13:26 of 1st period - Wrist shot by Joe Thornton.
13:26 of 1st period - Shot Blocked by Jordin Tootoo.
13:34 of 1st period - Wrist shot by Patrik Berglund.
13:34 of 1st period - Shot Misses the Net.
13:36 of 1st period - Snap shot by Jordin Tootoo.
13:36 of 1st period - Stopped by Roberto Luongo with a rebound.
14:15 of 1st period - Wrist shot by Eric Fehr.
14:15 of 1st period - Shot Misses the Net.
14:17 of 1st period - Slapshot by Chris Kunitz.
14:17 of 1st period - Shot Blocked by Erik Johnson.
14:19 of 1st period - Snap shot by Keith Yandle.
14:19 of 1st period - Stopped by Pekka Rinne without a rebound.
14:20 of 1st period - Ryan Getzlaf wins face-off versus Jordin Tootoo in Flames zone.
14:23 of 1st period - Snap shot by Ryan Getzlaf.
14:23 of 1st period - Stopped by Pekka Rinne with a rebound.
14:47 of 1st period - Wrist shot by Jonathan Ferland.
14:47 of 1st period - Stopped by Roberto Luongo without a rebound.
14:48 of 1st period - Joe Thornton wins face-off versus Mikhail Grabovski in Capitals zone.
15:41 of 1st period - Snap shot by Jordin Tootoo.
15:41 of 1st period - Shot Blocked by Erik Karlsson.
15:43 of 1st period - Wrist shot by Patrik Berglund.
15:43 of 1st period - Stopped by Roberto Luongo with a rebound.
15:45 of 1st period - Snap shot by Jordin Tootoo.
15:45 of 1st period - Deflect By Patrik Berglund.
15:45 of 1st period - Deflect By Jamie Benn.
15:45 of 1st period - Shot Misses the Net.
15:45 of 1st period - Puck is out of play.
15:46 of 1st period - Ryan Getzlaf wins face-off versus Brad Marchand in Capitals zone.
15:55 of 1st period - Wrist shot by Patrik Berglund.
15:55 of 1st period - Deflect By Jordin Tootoo.
15:55 of 1st period - Shot Blocked by Erik Karlsson.
15:55 of 1st period - Puck is out of play.
15:56 of 1st period - Jamie Benn wins face-off versus Alexander Semin in Capitals zone.
16:25 of 1st period - Slapshot by Joe Thornton.
16:25 of 1st period - Deflect By Jordin Tootoo.
16:25 of 1st period - Shot Misses the Net.
16:25 of 1st period - Puck is out of play.
16:26 of 1st period - Joe Thornton wins face-off versus Patrik Berglund in Flames zone.
17:34 of 1st period - Off-side.
17:35 of 1st period - Mikhail Grabovski wins face-off versus Darroll Powe in neutral zone.
17:38 of 1st period - Snap shot by Marcus Nilson.
17:38 of 1st period - Shot Misses the Net.
17:58 of 1st period - Icing by Darroll Powe.
17:59 of 1st period - Ryan Getzlaf wins face-off versus David Backes in Capitals zone.
18:03 of 1st period - Off-side.
18:04 of 1st period - Eric Staal wins face-off versus Ryan Getzlaf in neutral zone.
18:30 of 1st period - Paul Martin is hit by Eric Staal and loses puck.
18:37 of 1st period - Snap shot by Blake Wheeler.
18:37 of 1st period - Shot Misses the Net.
18:41 of 1st period - Snap shot by Jamie Benn.
18:41 of 1st period - Stopped by Pekka Rinne with a rebound.
18:43 of 1st period - Slapshot by Erik Karlsson.
18:43 of 1st period - Shot Blocked by Erik Johnson.
18:45 of 1st period - Snap shot by Erik Karlsson.
18:45 of 1st period - Shot Blocked by David Backes.
18:47 of 1st period - Slapshot by Erik Karlsson.
18:47 of 1st period - Shot Misses the Net.
18:49 of 1st period - Slapshot by Ryan Getzlaf.
18:49 of 1st period - Shot Misses the Net.
18:51 of 1st period - Slapshot by Paul Martin.
18:51 of 1st period - Stopped by Pekka Rinne with a rebound.
18:53 of 1st period - Slapshot by Paul Martin.
18:53 of 1st period - Stopped by Pekka Rinne without a rebound.
18:54 of 1st period - Joe Thornton wins face-off versus Patrik Berglund in Flames zone.
18:55 of 1st period - Snap shot by T.J. Oshie.
18:55 of 1st period - Shot Misses the Net.
18:57 of 1st period - Backhand shot by T.J. Oshie.
18:57 of 1st period - Shot Misses the Net.
18:59 of 1st period - Snap shot by Lasse Kukkonen.
18:59 of 1st period - Deflect By Gabriel Landeskog.
18:59 of 1st period - Shot Blocked by Lubomir Visnovsky.
18:59 of 1st period - Puck is out of play.
19:00 of 1st period - Joe Thornton wins face-off versus Patrik Berglund in Flames zone.
19:21 of 1st period - Lasse Kukkonen is hit by Patrik Berglund.
19:43 of 1st period - Joe Thornton is hit by Steve Eminger and loses puck.
Goals for this period are 1 for Capitals vs 1 for Flames.
Shots for this period are 13 for Capitals vs 14 for Flames.

2nd period


0:01 of 2nd period - Eric Staal wins face-off versus Ryan Getzlaf in neutral zone.
0:19 of 2nd period - Minor Penalty to Alexander Semin for Hooking.
0:20 of 2nd period - Ryan Getzlaf wins face-off versus Mikhail Grabovski in Flames zone.
0:34 of 2nd period - Snap shot by Ryan Getzlaf.
0:34 of 2nd period - Deflect By Jamie Benn.
0:34 of 2nd period - Shot Blocked by Brad Marchand.
0:34 of 2nd period - Puck is out of play.
0:35 of 2nd period - Eric Staal wins face-off versus Ryan Getzlaf in Flames zone.
0:40 of 2nd period - Steve Eminger is hit by Erik Karlsson and loses puck.
1:02 of 2nd period - Off-side.
1:03 of 2nd period - Joe Thornton wins face-off versus Brad Marchand in neutral zone.
1:10 of 2nd period - Slapshot by T.J. Oshie.
1:10 of 2nd period - Shot Misses the Net.
1:59 of 2nd period - Icing by Ryan Getzlaf.
2:00 of 2nd period - Eric Staal wins face-off versus Ryan Getzlaf in Capitals zone.
2:01 of 2nd period - Snap shot by Jordin Tootoo.
2:01 of 2nd period - Stopped by Roberto Luongo without a rebound.
2:02 of 2nd period - Ryan Getzlaf wins face-off versus Eric Staal in Capitals zone.
2:13 of 2nd period - Slapshot by Ryan Getzlaf.
2:13 of 2nd period - Shot Misses the Net.
2:15 of 2nd period - Slapshot by Blake Wheeler.
2:15 of 2nd period - Stopped by Pekka Rinne with a rebound.
2:17 of 2nd period - Wrist shot by Erik Karlsson.
2:17 of 2nd period - Shot Blocked by Ron Hainsey.
2:19 of 2nd period - Penalty to Alexander Semin is over, Alexander Semin is back on ice.
2:33 of 2nd period - Snap shot by Colin Wilson.
2:33 of 2nd period - Stopped by Roberto Luongo without a rebound.
2:34 of 2nd period - Eric Staal wins face-off versus Joe Thornton in Capitals zone.
3:08 of 2nd period - Snap shot by David Backes.
3:08 of 2nd period - Shot Blocked by Alexei Morozov.
3:44 of 2nd period - Wrist shot by Eric Fehr.
3:44 of 2nd period - Shot Misses the Net.
3:46 of 2nd period - Slapshot by Erik Karlsson.
3:46 of 2nd period - Stopped by Pekka Rinne with a rebound.
3:50 of 2nd period - Snap shot by Eric Fehr.
3:50 of 2nd period - Stopped by Pekka Rinne with a rebound.
3:52 of 2nd period - Snap shot by Darroll Powe.
3:52 of 2nd period - Stopped by Pekka Rinne with a rebound.
3:54 of 2nd period - Slapshot by Paul Martin.
3:54 of 2nd period - Shot Misses the Net.
4:28 of 2nd period - Snap shot by Jonathan Ferland.
4:28 of 2nd period - Shot Misses the Net.
4:45 of 2nd period - Off-side.
4:46 of 2nd period - Ryan Getzlaf wins face-off versus Patrik Berglund in neutral zone.
4:48 of 2nd period - Erik Karlsson is hit by Brendan Mikkelson and loses puck.
4:53 of 2nd period - Snap shot by Ryan Getzlaf.
4:53 of 2nd period - Shot Blocked by Brendan Mikkelson.
4:55 of 2nd period - Snap shot by Erik Karlsson.
4:55 of 2nd period - Shot Blocked by Brendan Mikkelson.
4:57 of 2nd period - Slapshot by Erik Karlsson.
4:57 of 2nd period - Shot Blocked by Erik Johnson.
4:59 of 2nd period - Slapshot by Paul Martin.
4:59 of 2nd period - Shot Misses the Net.
5:01 of 2nd period - Wrist shot by Ryan Getzlaf.
5:01 of 2nd period - Stopped by Pekka Rinne without a rebound.
5:02 of 2nd period - Joe Thornton wins face-off versus Colin Wilson in Flames zone.
5:54 of 2nd period - Backhand shot by Alexei Morozov.
5:54 of 2nd period - Shot Misses the Net.
5:56 of 2nd period - Snap shot by Tuomo Ruutu.
5:56 of 2nd period - Stopped by Pekka Rinne with a rebound.
5:58 of 2nd period - Slapshot by Keith Yandle.
5:58 of 2nd period - Stopped by Pekka Rinne without a rebound.
5:59 of 2nd period - Eric Staal wins face-off versus Joe Thornton in Flames zone.
5:59 of 2nd period - Eric Staal is hit by T.J. Oshie.
6:15 of 2nd period - Wrist shot by Gabriel Landeskog.
6:15 of 2nd period - Shot Misses the Net.
6:27 of 2nd period - Icing by Blake Wheeler.
6:28 of 2nd period - Patrik Berglund wins face-off versus Jamie Benn in Capitals zone.
6:31 of 2nd period - Slapshot by Jordin Tootoo.
6:31 of 2nd period - Deflect By Patrik Berglund.
6:31 of 2nd period - Shot Misses the Net.
6:31 of 2nd period - Puck is out of play.
6:32 of 2nd period - Ryan Getzlaf wins face-off versus Patrik Berglund in Capitals zone.
6:37 of 2nd period - Slapshot by Jordin Tootoo.
6:37 of 2nd period - Shot Misses the Net.
7:41 of 2nd period - Snap shot by Erik Johnson.
7:41 of 2nd period - Stopped by Roberto Luongo without a rebound.
7:42 of 2nd period - Jamie Benn wins face-off versus Eric Staal in Capitals zone.
7:49 of 2nd period - Slapshot by Alexander Semin.
7:49 of 2nd period - Shot Misses the Net.
7:51 of 2nd period - Snap shot by Alexander Semin.
7:51 of 2nd period - Shot Misses the Net.
7:53 of 2nd period - Slapshot by Brendan Mikkelson.
7:53 of 2nd period - Shot Misses the Net.
7:55 of 2nd period - Wrist shot by David Backes.
7:55 of 2nd period - Stopped by Roberto Luongo without a rebound.
7:56 of 2nd period - Patrik Berglund wins face-off versus Ryan Getzlaf in Capitals zone.
8:11 of 2nd period - Slapshot by Ryan Getzlaf.
8:11 of 2nd period - Shot Blocked by Jordin Tootoo.
8:21 of 2nd period - Paul Martin is hit by David Backes and loses puck.
8:46 of 2nd period - Slapshot by Eric Fehr.
8:46 of 2nd period - Stopped by Pekka Rinne with a rebound.
10:03 of 2nd period - Wrist shot by Darroll Powe.
10:03 of 2nd period - Shot Blocked by Derek Meech.
10:05 of 2nd period - Snap shot by Paul Martin.
10:05 of 2nd period - Stopped by Pekka Rinne with a rebound.
10:45 of 2nd period - Snap shot by Blake Wheeler.
10:45 of 2nd period - Stopped by Pekka Rinne without a rebound.
10:46 of 2nd period - Ryan Getzlaf wins face-off versus Colin Wilson in Flames zone.
11:03 of 2nd period - Matt Irwin is hit by Michel Ouellet and loses puck.
11:50 of 2nd period - Jordin Tootoo is hit by Josef Vasicek and loses puck.
12:09 of 2nd period - Slapshot by Patrik Berglund.
12:09 of 2nd period - Goal by Patrik Berglund - Capitals : 1 - Flames : 2.
12:10 of 2nd period - Eric Staal wins face-off versus Ryan Getzlaf in neutral zone.
12:48 of 2nd period - Wrist shot by Patrik Berglund.
12:48 of 2nd period - Stopped by Roberto Luongo without a rebound.
12:49 of 2nd period - Ryan Getzlaf wins face-off versus Colin Wilson in Capitals zone.
13:20 of 2nd period - Off-side.
13:21 of 2nd period - Eric Staal wins face-off versus Gabriel Landeskog in neutral zone.
13:29 of 2nd period - Off-side.
13:30 of 2nd period - Eric Staal wins face-off versus Joe Thornton in neutral zone.
14:03 of 2nd period - Slapshot by Gabriel Landeskog.
14:03 of 2nd period - Shot Blocked by Ron Hainsey.
14:05 of 2nd period - Wrist shot by Gabriel Landeskog.
14:05 of 2nd period - Shot Hit the Post.
14:07 of 2nd period - Wrist shot by Gabriel Landeskog.
14:07 of 2nd period - Stopped by Pekka Rinne without a rebound.
14:08 of 2nd period - Patrik Berglund wins face-off versus Blake Wheeler in Flames zone.
14:41 of 2nd period - Backhand shot by Brendan Mikkelson.
14:41 of 2nd period - Stopped by Roberto Luongo with a rebound.
14:52 of 2nd period - Icing by Erik Johnson.
14:53 of 2nd period - Mikhail Grabovski wins face-off versus Darroll Powe in Flames zone.
14:53 of 2nd period - Mikhail Grabovski is hit by Erik Karlsson.
14:59 of 2nd period - Erik Karlsson is hit by Mikhail Grabovski and loses puck.
15:04 of 2nd period - Slapshot by Marcus Nilson.
15:04 of 2nd period - Deflect By Jonathan Ferland.
15:04 of 2nd period - Stopped by Roberto Luongo without a rebound.
15:05 of 2nd period - Patrik Berglund wins face-off versus Ryan Getzlaf in Capitals zone.
15:08 of 2nd period - Wrist shot by Patrik Berglund.
15:08 of 2nd period - Shot Misses the Net.
15:18 of 2nd period - Snap shot by Jamie Benn.
15:18 of 2nd period - Shot Misses the Net.
15:20 of 2nd period - Slapshot by Paul Martin.
15:20 of 2nd period - Stopped by Pekka Rinne with a rebound.
15:30 of 2nd period - Paul Martin is hit by Lubomir Visnovsky and loses puck.
15:42 of 2nd period - Icing by Alexander Semin.
15:43 of 2nd period - Eric Staal wins face-off versus Ryan Getzlaf in Flames zone.
15:54 of 2nd period - Wrist shot by Eric Staal.
15:54 of 2nd period - Deflect By David Backes.
15:54 of 2nd period - Stopped by Roberto Luongo with a rebound.
15:56 of 2nd period - Slapshot by Steve Eminger.
15:56 of 2nd period - Shot Hit the Post.
15:58 of 2nd period - Snap shot by Alexander Semin.
15:58 of 2nd period - Stopped by Roberto Luongo without a rebound.
15:59 of 2nd period - Joe Thornton wins face-off versus Patrik Berglund in Capitals zone.
16:24 of 2nd period - Blake Wheeler is hit by Brendan Mikkelson and loses puck.
17:05 of 2nd period - Icing by Steve Regier.
17:06 of 2nd period - Darroll Powe wins face-off versus Colin Wilson in Flames zone.
17:11 of 2nd period - Snap shot by Ryan Getzlaf.
17:11 of 2nd period - Stopped by Pekka Rinne without a rebound.
17:12 of 2nd period - Ryan Getzlaf wins face-off versus Patrik Berglund in Flames zone.
17:12 of 2nd period - Ryan Getzlaf is hit by Lubomir Visnovsky.
17:18 of 2nd period - Slapshot by Ryan Getzlaf.
17:18 of 2nd period - Shot Misses the Net.
17:38 of 2nd period - Matt Irwin is hit by Alexander Semin and loses puck.
18:05 of 2nd period - Snap shot by Steve Regier.
18:05 of 2nd period - Stopped by Roberto Luongo without a rebound.
18:05 of 2nd period - Minor Penalty to Roberto Luongo for Slashing.
18:06 of 2nd period - Joe Thornton wins face-off versus Eric Staal in Capitals zone.
18:58 of 2nd period - Wrist shot by Matt Irwin.
18:58 of 2nd period - Shot Blocked by Ron Hainsey.
Goals for this period are 0 for Capitals vs 1 for Flames.
Shots for this period are 13 for Capitals vs 11 for Flames.

3rd period


0:01 of 3rd period - Joe Thornton wins face-off versus Eric Staal in neutral zone.
0:05 of 3rd period - Penalty to Paul Martin is over, Paul Martin is back on ice.
0:30 of 3rd period - Erik Karlsson is hit by Erik Johnson and loses puck.
0:33 of 3rd period - Minor Penalty to Derek Meech for Roughing.
0:34 of 3rd period - Ryan Getzlaf wins face-off versus Mikhail Grabovski in Flames zone.
0:43 of 3rd period - Wrist shot by Blake Wheeler.
0:43 of 3rd period - Shot Blocked by Alexander Semin.
0:45 of 3rd period - Snap shot by Jamie Benn.
0:45 of 3rd period - Shot Misses the Net.
0:47 of 3rd period - Slapshot by Erik Karlsson.
0:47 of 3rd period - Stopped by Pekka Rinne with a rebound.
0:49 of 3rd period - Slapshot by Paul Martin.
0:49 of 3rd period - Shot Blocked by Alexander Semin.
2:06 of 3rd period - Jordin Tootoo is hit by Paul Martin and loses puck.
2:33 of 3rd period - Penalty to Derek Meech is over, Derek Meech is back on ice.
2:43 of 3rd period - Backhand shot by Chris Kunitz.
2:43 of 3rd period - Shot Blocked by Lubomir Visnovsky.
2:45 of 3rd period - Slapshot by Lasse Kukkonen.
2:45 of 3rd period - Stopped by Pekka Rinne with a rebound.
2:49 of 3rd period - Snap shot by Eric Fehr.
2:49 of 3rd period - Shot Misses the Net.
3:08 of 3rd period - Snap shot by Alexei Morozov.
3:08 of 3rd period - Stopped by Pekka Rinne with a rebound.
3:10 of 3rd period - Wrist shot by Tuomo Ruutu.
3:10 of 3rd period - Stopped by Pekka Rinne without a rebound.
3:11 of 3rd period - Darroll Powe wins face-off versus Patrik Berglund in Flames zone.
3:12 of 3rd period - Wrist shot by Chris Kunitz.
3:12 of 3rd period - Shot Misses the Net.
3:14 of 3rd period - Snap shot by Matt Irwin.
3:14 of 3rd period - Stopped by Pekka Rinne with a rebound.
3:16 of 3rd period - Slapshot by Matt Carle.
3:16 of 3rd period - Stopped by Pekka Rinne with a rebound.
3:18 of 3rd period - Wrist shot by Darroll Powe.
3:18 of 3rd period - Stopped by Pekka Rinne with a rebound.
3:20 of 3rd period - Slapshot by Matt Carle.
3:20 of 3rd period - Stopped by Pekka Rinne without a rebound.
3:21 of 3rd period - Darroll Powe wins face-off versus Brad Marchand in Flames zone.
3:36 of 3rd period - Brad Marchand is hit by Eric Fehr and loses puck.
3:41 of 3rd period - Snap shot by Chris Kunitz.
3:41 of 3rd period - Deflect By Eric Fehr.
3:41 of 3rd period - Stopped by Pekka Rinne without a rebound.
3:42 of 3rd period - Ryan Getzlaf wins face-off versus Eric Staal in Flames zone.
3:45 of 3rd period - Snap shot by Blake Wheeler.
3:45 of 3rd period - Shot Blocked by Lubomir Visnovsky.
3:49 of 3rd period - Slapshot by Erik Karlsson.
3:49 of 3rd period - Shot Misses the Net.
3:51 of 3rd period - Slapshot by Jamie Benn.
3:51 of 3rd period - Shot Misses the Net.
3:53 of 3rd period - Backhand shot by Erik Karlsson.
3:53 of 3rd period - Stopped by Pekka Rinne with a rebound.
3:55 of 3rd period - Snap shot by Jamie Benn.
3:55 of 3rd period - Stopped by Pekka Rinne with a rebound.
5:04 of 3rd period - Minor Penalty to Marcus Nilson for Hooking.
5:05 of 3rd period - Ryan Getzlaf wins face-off versus Eric Staal in Flames zone.
5:18 of 3rd period - Mikhail Grabovski is hit by Blake Wheeler and loses puck.
7:04 of 3rd period - Penalty to Marcus Nilson is over, Marcus Nilson is back on ice.
7:14 of 3rd period - Off-side.
7:15 of 3rd period - Josef Vasicek wins face-off versus Colin Wilson in neutral zone.
7:26 of 3rd period - Slapshot by Alexei Morozov.
7:26 of 3rd period - Shot Blocked by Erik Johnson.
8:00 of 3rd period - Wrist shot by Jordin Tootoo.
8:00 of 3rd period - Stopped by Roberto Luongo with a rebound.
8:02 of 3rd period - Slapshot by Erik Johnson.
8:02 of 3rd period - Shot Misses the Net.
8:04 of 3rd period - Snap shot by Alexander Semin.
8:04 of 3rd period - Stopped by Roberto Luongo without a rebound.
8:05 of 3rd period - Eric Staal wins face-off versus Joe Thornton in Capitals zone.
8:26 of 3rd period - Wrist shot by Alexander Semin.
8:26 of 3rd period - Deflect By Eric Staal.
8:26 of 3rd period - Stopped by Roberto Luongo without a rebound.
8:27 of 3rd period - Ryan Getzlaf wins face-off versus Patrik Berglund in Capitals zone.
8:54 of 3rd period - Gabriel Landeskog is hit by Colin Wilson and loses puck.
9:26 of 3rd period - Off-side.
9:27 of 3rd period - Patrik Berglund wins face-off versus Ryan Getzlaf in neutral zone.
9:42 of 3rd period - Backhand shot by Jordin Tootoo.
9:42 of 3rd period - Stopped by Roberto Luongo without a rebound.
9:43 of 3rd period - Eric Staal wins face-off versus Gabriel Landeskog in Capitals zone.
9:58 of 3rd period - Wrist shot by Joe Thornton.
9:58 of 3rd period - Stopped by Pekka Rinne with a rebound.
10:12 of 3rd period - Wrist shot by Blake Wheeler.
10:12 of 3rd period - Shot Blocked by Jordin Tootoo.
11:39 of 3rd period - Wrist shot by Brad Marchand.
11:39 of 3rd period - Shot Misses the Net.
11:47 of 3rd period - Minor Penalty to Ryan Getzlaf for Holding.
11:48 of 3rd period - David Backes wins face-off versus Joe Thornton in Capitals zone.
11:57 of 3rd period - Snap shot by Alexander Semin.
11:57 of 3rd period - Stopped by Roberto Luongo without a rebound.
11:58 of 3rd period - Eric Staal wins face-off versus Joe Thornton in Capitals zone.
13:03 of 3rd period - Snap shot by Blake Wheeler.
13:03 of 3rd period - Shot Misses the Net.
13:25 of 3rd period - Snap shot by Alexander Semin.
13:25 of 3rd period - Shot Misses the Net.
13:27 of 3rd period - Snap shot by David Backes.
13:27 of 3rd period - Goal by David Backes - Capitals : 1 - Flames : 3.
13:28 of 3rd period - Josef Vasicek wins face-off versus Patrik Berglund in neutral zone.
13:31 of 3rd period - Slapshot by Matt Carle.
13:31 of 3rd period - Shot Misses the Net.
13:33 of 3rd period - Slapshot by Matt Irwin.
13:33 of 3rd period - Stopped by Pekka Rinne without a rebound.
13:34 of 3rd period - Patrik Berglund wins face-off versus Josef Vasicek in Flames zone.
13:41 of 3rd period - Backhand shot by Jordin Tootoo.
13:41 of 3rd period - Stopped by Roberto Luongo without a rebound.
13:42 of 3rd period - Patrik Berglund wins face-off versus Josef Vasicek in Capitals zone.
13:52 of 3rd period - Slapshot by Lubomir Visnovsky.
13:52 of 3rd period - Shot Blocked by Tuomo Ruutu.
14:35 of 3rd period - Slapshot by Marcus Nilson.
14:35 of 3rd period - Stopped by Roberto Luongo without a rebound.
14:36 of 3rd period - Joe Thornton wins face-off versus Eric Staal in Capitals zone.
16:07 of 3rd period - Snap shot by Ron Hainsey.
16:07 of 3rd period - Deflect By Darroll Powe.
16:07 of 3rd period - Stopped by Roberto Luongo without a rebound.
16:08 of 3rd period - Darroll Powe wins face-off versus Eric Staal in Capitals zone.
17:09 of 3rd period - Snap shot by David Backes.
17:09 of 3rd period - Stopped by Roberto Luongo with a rebound.
18:28 of 3rd period - Icing by Darroll Powe.
18:29 of 3rd period - Darroll Powe wins face-off versus Colin Wilson in Capitals zone.
19:38 of 3rd period - Wrist shot by Darroll Powe.
19:38 of 3rd period - Stopped by Pekka Rinne with a rebound.
19:40 of 3rd period - Slapshot by Erik Karlsson.
19:40 of 3rd period - Deflect By Chris Kunitz.
19:40 of 3rd period - Stopped by Pekka Rinne without a rebound.
19:41 of 3rd period - Brad Marchand wins face-off versus Tuomo Ruutu in Flames zone.
Goals for this period are 0 for Capitals vs 1 for Flames.
Shots for this period are 15 for Capitals vs 10 for Flames.